 Dungeon Crawl Stone Soup version 0.21.0 (webtiles) character file.

24 tidbits the Sneak (level 2, 0/11 HPs)
             Began as a Felid Earth Elementalist on Jan 6, 2018.
             Succumbed to an adder's poison
             ... on level 1 of the Dungeon.
             The game lasted 00:03:43 (495 turns).

tidbits the Sneak (Felid Earth Elementalist)         Turns: 495, Time: 00:03:44

Health: 0/11       AC:  1    Str:  4    XL:     2   Next: 79%
Magic:  3/6        EV: 18    Int: 16    God:
Gold:   70         SH:  0    Dex: 16    Spells: 2/5 levels left
                                        Lives:  0   Deaths: 0

rFire    . . .     SeeInvis +     - Unarmed
rCold    . . .     Gourm    .   (shield unavailable)
rNeg     . . .     Faith    .   (armour unavailable)
rPois    .         Spirit   .   (helmet unavailable)
rElec    .         Reflect  .   (cloak unavailable)
rCorr    .         Harm     .   (gloves unavailable)
MR       +....                  (boots unavailable)
Stlth    +++.......             (no amulet)
HPRegen  0.03/turn              f - ring of protection from magic
MPRegen  0.10/turn              (no ring)

@: lethally poisoned (0 -> -11), quick
A: very small, no armour, no weapons or thrown items, stealth, claws 1, fangs 3,
see invisible, carnivore, speed 1, shaggy fur 1, slow metabolism 1, sharp paws
a: no special abilities


You were on level 1 of the Dungeon.
You were not hungry.

You visited 1 branch of the dungeon, and saw 2 of its levels.

You collected 70 gold pieces.

Inventory:

Missiles
 b - 57 stones
Jewellery
 f - a ring of protection from magic (left paw)
   (You found it on level 1 of the Dungeon)
Scrolls
 a - 2 scrolls of remove curse {unknown}
 h - a scroll of identify {unknown}
 i - 2 scrolls of teleportation {unknown}
 j - a scroll of fear {unknown}
Books
 d - a book of Geomancy

   Spells                             Type                      Level
   a - Sandblast                      Earth                        1
   b - Passwall                       Transmutation/Earth          2
   c - Stone Arrow                    Conjuration/Earth            3
   d - Petrify                        Transmutation/Earth          4
   e - Lee's Rapid Deconstruction     Earth                        5
Comestibles
 c - 2 rations


   Skills:
 - Level 2.6 Dodging
 + Level 3.9 Stealth
 + Level 1.6 Unarmed Combat
 - Level 2.0 Spellcasting
 - Level 1.1 Transmutations
 - Level 2.6 Earth Magic


You had 2 spell levels left.
You knew the following spells:

 Your Spells              Type           Power        Failure   Level  Hunger
a - Sandblast             Erth           ##....       7%          1    #......
p - Passwall              Tmut/Erth      #.........   14%         2    ###....


Dungeon Overview and Level Annotations

Branches:
Dungeon (2/15)

Altars:
Okawaru


Innate Abilities, Weirdness & Mutations

You cannot wear armour.
You are incapable of wielding weapons or throwing items.
Your paws allow you to move quietly. (Stealth)
You have sharp claws.
You have razor-sharp teeth.
You have supernaturally acute eyesight. (SInv)
You are carnivorous and can eat meat at any time.
You cover ground quickly.
You are covered in fur. (AC +1)
You have a slow metabolism.
Your sharp claws are effective at attacking unaware monsters.


Message History

Found a ration.
c - 2 rations (gained 1)
You open the door.
There is an open door here.
You now have 70 gold pieces (gained 4).
There is a stone staircase leading down here.
You climb downwards.
A frilled lizard and 3 jackals come into view.
Found a falchion.
There is a stone staircase leading up here.
The helpless frilled lizard fails to defend itself.
You claw the frilled lizard!
You kill the frilled lizard!
The jackal barks! x3; You hear an angry hiss.
The jackal closely misses you.
You scratch the jackal. Your bite misses the jackal.
The jackal is lightly wounded.
The jackal closely misses you.
You scratch the jackal.
The jackal is heavily wounded.
The jackal barely misses you.
An adder comes into view.
You scratch the jackal but do no damage.
The jackal is heavily wounded.
The jackal misses you. The jackal closely misses you.
You barely miss the jackal.
The jackal is heavily wounded.
The jackal bites you.
You barely miss the jackal.
The jackal is heavily wounded.
The jackal closely misses you.
Casting: Sandblast
Confirm with . or Enter, or press ? or * to list all spells.
Aiming: Sandblast
Press: ? - help, Shift-Dir - straight line, f - jackal
Aim: a jackal (moderately wounded)
The blast of sand misses the jackal.
b - 61 stones The jackal misses you.
The jackal bites you but does no damage.
You scratch the jackal but do no damage.
The jackal is moderately wounded.
The jackal bites you.
* * * LOW HITPOINT WARNING * * *
Casting: Sandblast
Confirm with . or Enter, or press ? or * to list all spells.
Aiming: Sandblast
Press: ? - help, Shift-Dir - straight line, f/p - jackal
Aim: a jackal (moderately wounded)
The blast of sand hits the jackal.
You kill the jackal!
b - 60 stones The jackal bites you but does no damage.
Casting: Sandblast
Confirm with . or Enter, or press ? or * to list all spells.
Aiming: Sandblast
Press: ? - help, Shift-Dir - straight line, f - jackal
Aim: a jackal The blast of sand hits the jackal.
b - 59 stones The jackal closely misses you.
Casting: Sandblast
Confirm with . or Enter, or press ? or * to list all spells.
Aiming: Sandblast
Press: ? - help, Shift-Dir - straight line, f/p - jackal
Aim: a jackal The blast of sand hits the jackal.
You kill the jackal!
b - 58 stones The adder closely misses you.
Casting: Sandblast
Confirm with . or Enter, or press ? or * to list all spells.
Aiming: Sandblast
Press: ? - help, Shift-Dir - straight line, f - adder
Aim: an adder The blast of sand misses the adder.
b - 57 stones The adder closely misses you.
Casting: Sandblast
Confirm with . or Enter, or press ? or * to list all spells.
Aiming: Sandblast
Press: ? - help, Shift-Dir - straight line, f/p - adder
Aim: an adder You miscast Sandblast.
You are very lightly contaminated with residual magic.
Nothing appears to happen.
The adder misses you.
It was a potion of cancellation.
You feel magically purged.
Your magical contamination has completely faded away.
The adder closely misses you. The adder completely misses you.
It was a potion of curing.
You feel better. The adder barely misses you.
You barely miss the adder. The adder bites you. The adder bites you.
* * * LOW HITPOINT WARNING * * *
There is a stone staircase leading up here.
The adder bites you.
* * * LOW HITPOINT WARNING * * *
You are lethally poisoned!
The adder poisons you! The adder closely misses you.
You climb upwards.
You die...

##########............#
##........'............#
#.......###.............
#..#....................
#..#.....#.#.########...
#..#..#..#.#.# #.#.
#..#[##..#.#.# #.#.
#..#.....#)#.#### #.#.
#..####@S........ ..#.
#............### #.#.
#.#.....#....# #...
#.#.....#....### #...
#.+.....'........ .....
###.....#...............
#.....#...###########.
#.....#...# #.
#.....#...# #.


You could see an adder.

Vanquished Creatures
  A gnoll (D:1)
  A dart slug (D:1)
  A giant cockroach (D:1)
  2 goblins (D:1)
  2 jackals (D:2)
  A ball python (D:1)
  A bat (D:1)
  A frilled lizard (D:2)
  A kobold (D:1)
  2 rats (D:1)
13 creatures vanquished.

Notes
Turn   | Place    | Note
-------+----------+-------------------------------------------
     0 | D:1      | tidbits the Felid Earth Elementalist began the quest for the Orb.
     0 | D:1      | Reached XP level 1. HP: 7/7 MP: 4/4
   103 | D:1      | Reached skill level 3 in Stealth
   125 | D:1      | Reached skill level 1 in Unarmed Combat
   125 | D:1      | Reached XP level 2. HP: 11/11 MP: 1/6
   129 | D:1      | Learned a level 2 spell: Passwall
   336 | D:1      | Found an iron altar of Okawaru.
   494 | D:2      | HP: 1/11 [adder (4)]
   495 | D:1      | Succumbed to an adder's poison

Skill      XL: |  1 |
---------------+----+-----
Stealth        | 3 |  3.9
Unarmed Combat | 1 |  1.6
Dodging        | |  2.6
Spellcasting   | |  2.0
Transmutations | |  1.1
Earth Magic    | |  2.6

Action                   || total
-------------------------++-------
Melee: Unarmed           ||    10
 Cast: Sandblast         ||    17
  Use: Potion            ||     2
 Stab: Sleeping          ||     3
  Eat: Chunk             ||     1
Armor: Skin              ||     2
Dodge: Dodged            ||    17

Table legend:
 A = Turns spent in this place as a percentage of turns spent in the entire game.
 B = Non-inter-level travel turns spent in this place as a percentage of non-inter-level travel turns spent in the entire game.
 C = Inter-level travel turns spent in this place as a percentage of turns spent in this place.
 D = Turns resting spent in this place as a percentage of non-inter-level travel turns spent in this place.
 E = Turns spent auto-exploring this place as a percentage of non-inter-level travel turns spent in this place.
 F = Non-inter-level travel turns spent in this place divided by the number of levels of this place that you've seen.
                   A       B       C       D       E      F
               +-------+-------+-------+-------+-------+----------------------
         Total | 100.0 | 100.0 |   0.0 |   0.0 |   0.0 | 247.5
       Dungeon | 100.0 | 100.0 |   0.0 |   0.0 |   0.0 | 247.5
               +-------+-------+-------+-------+-------+----------------------

Table legend:
 A = Kills in this place as a percentage of kills in entire the game.
 B = Kills by you in this place as a percentage of kills by you in the entire game.
 C = Kills by friends in this place as a percentage of kills by friends in the entire game.
 D = Other kills in this place as a percentage of other kills in the entire game.
 E = Experience gained in this place as a percentage of experience gained in the entire game.
 F = Experience gained in this place divided by the number of levels of this place that you have seen.
                   A       B       C       D       E      F
               +-------+-------+-------+-------+-------+----------------------
         Total | 100.0 | 100.0 |   N/A |   N/A | 100.0 |  17.5
       Dungeon | 100.0 | 100.0 |   N/A |   N/A | 100.0 |  17.5
               +-------+-------+-------+-------+-------+----------------------

Vault maps used:
D:1:      sevenhm_arrival_forest_fort_small_4, minmay_statues_item,
          okawaru_ov_weapons_minmay
D:2:      minmay_stone_trees_small
